[Event "*** Monthly 3|2 Blitz Masters"]
[Site "Chess.com"]
[Date "2014.11.25"]
[Round "4"]
[White "Nouki"]
[Black "vovkcoach"]
[Result "1-0"]
[WhiteElo "2658"]
[BlackElo "2491"]
[TimeControl "180+2"]
[EndTime "11:46:29 PST"]
[Termination "Nouki won by resignation"]

1. d4 Nf6 2. c4 e6 3. Nf3 Bb4+ 4.
Bd2 Qe7 5. g3 Nc6 6. Nc3 Bxc3 7.
Bxc3 Ne4 8. Rc1 d6 9. Bg2 O-O 10. d5 Nxc3 11. Rxc3 Nd8 12. Nd2 e5 13. O-O b6 14. b4 a5 15. a3 axb4 16. axb4 f5 17. Qc1 Nf7 18. Ra3 Bd7 19. Qa1 Rxa3 20. Qxa3 e4 21. e3 Ne5 22. Qa7 Be8 23. Qa6 Bh5 24. Nb3 Be2 25. Rc1 Nd3 26. Ra1 Nxb4 27. Qb5 Nd3 28.
Nd4 Bh5 29. Ne6 Rc8 30. Qc6 Bf7 31. Ra8 Bxe6 32. dxe6 Rxa8 33. Qxa8+ Qf8 34. Qd5 Qe7 35. Qxf5 Nc5 36. Bxe4 g6 37. Qg4 Qf6 38. Bd5 Kf8 39. h4 Ke7 40. h5 Nxe6 41. hxg6 hxg6 42. Qh3 Qf5 43. Qh7+ Kd8 44. Qg8+ Ke7 45. Qc8 c5 46.
Qb7+ Kf6 47. Qxb6 Qe5 48. Qb8 Kg7 49. Qe8 Ng5 50. Qg8+ Kh6 51. Kg2 Qf5 52. Qh8+ Nh7 53. Bg8 Qe4+ 54. Kh2 g5 55. g4 Qe5+ 56. Qxe5 dxe5 57.
Bxh7 Kxh7 58. Kg3 Kg6 59. f4 e4 60. f5+ Kf6 61. Kf2 Ke5 62. Ke2 Kd6 63. Kd2 Kc6 64. Kc3 Kd6 65. Kb3 1-0

[Event "*** Monthly 3|2 Blitz Masters"]
[Site "Chess.com"]
[Date "2014.11.25"]
[Round "4"]
[White "Bab3s"]
[Black "minnesotachessmaster"]
[Result "0-1"]
[WhiteElo "2075"]
[BlackElo "1931"]
[TimeControl "180+2"]
[EndTime "11:46:29 PST"]
[Termination "minnesotachessmaster won by resignation"]

1. e4 e6 2. d4 d5 3. Nc3 Bb4 4.
e5 c5 5. a3 Bxc3+ 6. bxc3 Ne7 7.
Qg4 O-O 8. Bd3 c4 9. Bxh7+ Kxh7 10. Qh5+ Kg8 11. Nf3 f6 12. exf6 gxf6 13. h4 Rf7 14.
Rh3 Rh7 15. Rg3+ Kh8 16. Bh6 Nf5 17. Rg6 Nd7 18. g4 Nxh6 19. Rxh6 Rxh6 20. Qxh6+ Kg8 21. g5 Qf8 22. Qg6+ Qg7 23. Qe8+ Qf8 24. Qxe6+ Qf7 25. Qe3 Nf8 26. O-O-O Bg4 27. Qf4 Bxf3 28. Qxf3 fxg5 29.
Qg2 Qf4+ 30. Kb2 Ng6 31. Qxd5+ Kh7 32. hxg5 Rf8 33. Rh1+ Kg7 34. Qxb7+ Rf7 35. Qc6 Qf3 36. Qxc4 Rb7+ 37. Ka2 Qxf2 38. Qd3 Qf7+ 39. c4 Qe7 40. Rb1 Rxb1 41. Kxb1 Qb7+ 42. Ka2 Qa6 43. d5 Qd6 44. Kb3 Ne5 45. Qd4 Kg6 46. c5 Qe7 47. d6 Qf7+ 48. Kb2 Qf5 49. c6 Nxc6 50. Qd2 Qe5+ 51.
Kb1 Nd4 52. d7 Qb5+ 53. Kc1 Qxd7 54. Kb2 Qb5+ 55. Qb4 Qe5 56. Qc3 Qb5+ 57. Qb4 Qe5 58. c3 Qe2+ 59. Ka1 Nc2+ 60. Kb1 Nxb4 61. axb4 Qc4 62.
Kb2 0-1

[Event "*** Monthly 3|2 Blitz Masters"]
[Site "Chess.com"]
[Date "2014.11.25"]
[Round "4"]
[White "redchessman"]
[Black "pKiLz5Rn9b"]
[Result "1-0"]
[WhiteElo "2270"]
[BlackElo "2155"]
[TimeControl "180+2"]
[EndTime "11:46:49 PST"]
[Termination "redchessman won by resignation"]

1. Nf3 Nf6 2. c4 e6 3. g3 d5 4. Bg2 Be7 5. O-O O-O 6. b3 c5 7. e3 Nc6 8. Bb2 d4 9. exd4 cxd4 10. Re1 Ne8 11. Ne5 Nxe5 12. Rxe5 f6 13. Re1 e5 14. f4 exf4 15. Qf3 fxg3 16. Qd5+ Kh8 17. hxg3 Qxd5 18. Bxd5 Bc5 19. Ba3 Bxa3 20. Nxa3 Nc7 21. Bg2 Rb8 22. Re7 Ne6 23. Bd5 Ng5 24. Nb5 a6 25. Nxd4 b5 26. c5 Bg4 27. Ne6 Bxe6 28.
Bxe6 Rbd8 29. Bd7 Nf7 30. d4 Ra8 31. Be6 Ng5 32. d5 Nxe6 33. Rxe6 Rfd8 34. d6 Rac8 35. b4 Kg8 36. a4 bxa4 37. Rxa4 Rc6 38. Re7 Rb8 39.
Kf2 Kf8 40. Kf3 Ra8 41. Rb7 a5 42. Rb5 Rca6 43. Rbxa5 Rxa5 44. Rxa5 Rb8 45. b5 Kf7 46. c6 Ke6 47. d7 Kd6 48. Ke4 Rd8 49. Ra7 g6 50. Rb7 Rf8 51. Kd4 f5 52. Ra7 g5 53.
Ra2 f4 54. gxf4 gxf4 55. Rh2 f3 56. Ke3 Kc7 57. Kf2 Rf5 58. Rxh7 Rxb5 59. Rh8 Rd5 60. Kxf3 Rd6 61. Rc8+ Kb6 62. d8=Q+ 1-0

[Event "*** Monthly 3|2 Blitz Masters"]
[Site "Chess.com"]
[Date "2014.11.25"]
[Round "4"]
[White "oggy1984"]
[Black "MattyDPerrine"]
[Result "0-1"]
[WhiteElo "2219"]
[BlackElo "2037"]
[TimeControl "180+2"]
[EndTime "11:46:49 PST"]
[Termination "MattyDPerrine won by resignation"]

1. e4 c5 2. Nf3 g6 3. c3 Bg7 4. d4 cxd4 5. cxd4 d5 6. e5 Nc6 7. h3 Qb6 8. Nc3 e6 9. Be2 Nge7 10. O-O a6 11. a3 Nf5 12. Na4 Qa7 13. Be3 b5 14.
Nc3 f6 15. exf6 Bxf6 16. Re1 O-O 17. Rc1 Ncxd4 18. Nxd4 Bxd4 19. Bxd4 Qxd4 20. Bg4 Qxd1 21. Rcxd1 h5 22. Bxf5 Rxf5 23. Ne2 Bd7 24. Nd4 Rf6 25.
Rc1 Rc8 26. Rxc8+ Bxc8 27. Rc1 Bd7 28. Rc7 Rf7 29. Nb3 e5 30. Nc5 Bf5 31. Rc6 a5 32.
Rd6 d4 33. b4 axb4 34. axb4 Ra7 35. Rd5 Ra1+ 36. Kh2 Rb1 37. Rxe5 Rxb4 38. Rd5 Rc4 39. f3 h4 40. g4 hxg3+ 41. Kxg3 b4 42. h4 Kh7 43. h5 Kh6 44. hxg6 Kxg6 45. Kf4 Bc2 46. Rd6+ Kf7 47. Ne6 d3+ 48. Ke5 b3 49. Rd7+ Kg6 50.
f4 d2 51. Rxd2 Re4+ 52. Kd5 Re1 53. Rg2+ Kf6 54. Nd4 b2 55. Rxc2 b1=Q 56. Rc6+ Kf7 57. Rc7+ Kg8 58. Rc8+ Kf7 59. Rc7+ Ke8 60. Rc8+ Kd7 61.
Rc5 Qa2+ 62. Rc4 Rc1 0-1

[Event "*** Monthly 3|2 Blitz Masters"]
[Site "Chess.com"]
[Date "2014.11.25"]
[Round "4"]
[White "Philofive"]
[Black "juniortay"]
[Result "1/2-1/2"]
[WhiteElo "2212"]
[BlackElo "2198"]
[TimeControl "180+2"]
[EndTime "11:46:51 PST"]
[Termination "Game drawn by agreement"]

1. d4 Nf6 2. Bg5 Ne4 3. Bf4 c5 4. f3 Qa5+ 5. c3 Nf6 6. d5 d6 7. e4 g6 8. Na3 Nbd7 9. Qd2 h5 10.
Nh3 Bg7 11. Be2 a6 12. Nc4 Qc7 13. a4 Nb6 14. Nf2 Nxc4 15. Bxc4 Rb8 16. a5 Nd7 17. O-O Ne5 18. Be2 Bd7 19. b4 O-O 20. Be3 c4 21. h3 Bb5 22. Bb6 Qc8 23. Ba7 Ra8 24.
Bd4 Qd7 25. f4 Nd3 26. Bxg7 Kxg7 27. Nxd3 cxd3 28. Bxd3 Rac8 29. Rac1 Bxd3 30. Qxd3 Qb5 31. Rfd1 Rc4 32. Kf2 Rfc8 33. Re1 b6 34. axb6 Qxb6+ 35. Qe3 Qc7 36. Red1 Rxc3 37. Rxc3 Qxc3 38. Qxc3+ Rxc3 39. Ra1 Rb3 40. Rxa6 Rxb4 41. Kf3 Rb3+ 42. Kf2 Kf6 43.
Ra7 h4 44. Rc7 Rb2+ 45. Kf3 Rb3+ 46. Kf2 Rb4 47. Kf3 Rb3+ 48. Kf2 Rb2+ 49. Kf3 Rb3+ 50. Kf2 Rb4 51. e5+ dxe5 52. fxe5+ Kxe5 53. Rxe7+ Kf6 54. Re3 Rd4 55. Kf3 Rxd5 56. Kg4 Rg5+ 57. Kf3 Rg3+ 58.
Kf4 Rxe3 59. Kxe3 Kf5 60. Kf3 f6 61. Ke3 Ke5 62. Kf3 f5 63. Ke3 f4+ 64. Kf3 Kf5 65. Kf2 Ke4 66. Ke2 g5 67. Kf2 Ke5 68. Kf3 Kf5 69. Kf2 g4 70. hxg4+ Kxg4 71. Kf1 Kg3 72. Kg1 h3 73. gxh3 Kxh3 74. Kf2 Kg4 75. Kg2 Kf5 76.
Kf3 Kg5 1/2-1/2

[Event "*** Monthly 3|2 Blitz Masters"]
[Site "Chess.com"]
[Date "2014.11.25"]
[Round "4"]
[White "IMRosen"]
[Black "gumersindo"]
[Result "1/2-1/2"]
[WhiteElo "1982"]
[BlackElo "2045"]
[TimeControl "180+2"]
[EndTime "11:46:59 PST"]
[Termination "Game drawn by repetition"]

1. c4 c6 2. Nc3 d5 3. e3 Nf6 4. Nf3 g6 5. Qa4 Bd7 6. Qb3 Bc8 7. d4 Bg7 8. cxd5 cxd5 9. Bb5+ Nc6 10. Ne5 O-O 11. Nxc6 bxc6 12. Bxc6 Ba6 13. Bxa8 Qxa8 14. Qa3 Qb7 15. f3 Re8 16. Qb3 Qd7 17. Qa4 Qb7 18. Nxd5 Qxd5 19. Qxa6 e5 20. dxe5 Rxe5 21. O-O Bf8 22. Qc8 Re8 23. Qc3 Bg7 24. Qb3 Qd6 25.
e4 Nh5 26. Be3 Be5 27. f4 Nxf4 28. Bxf4 Bxf4 29. g3 Qd4+ 30. Rf2 Rb8 31. Qf3 Be3 32.
Qxf7+ Kh8 33. Rf1 Bxf2+ 34. Qxf2 Qxb2 35. Qxa7 Rb7 36. Qa8+ Rb8 37. Qd5 Qb6+ 38. Rf2 Rf8 39. Qe5+ Kg8 40. Qd5+ Kh8 41. Qd2 Rxf2 42. Qxf2 Qb1+ 43.
Kg2 Qxe4+ 44. Kg1 Qb1+ 45. Qf1 Qxa2 46. Qf8+ Qg8 47. Qf6+ Qg7 48. Qd8+ Qg8 49. Qd4+ Qg7 50. Qd8+ Qg8 51. Qf6+ Qg7 52. Qf4 Qa7+ 53. Kg2 Qb7+ 54. Kh3 Kg8 55. Qc4+ Qf7 56. Qc8+ Kg7 57. Qc3+ Qf6 58.
Qc7+ Qf7 59. Qe5+ Qf6 60. Qc7+ Qf7 61. Qc8 Qe7 62. Qg4 h5 63. Qd4+ Qf6 64. Qd7+ Qf7 65. Qd4+ Qf6 66. Qc4 Qf5+ 67. Kg2 Qf6 68. Qc7+ Qf7 69.
Qe5+ Qf6 70. Qe4 Qf7 71. Qd4+ Qf6 72. Qd7+ Qf7 73. Qd4+ Qf6 74. Qe3 Qf7 75. Qc3+ Qf6 76. Qc7+ Qf7 77. Qc6 Qf6 78. Qe4 Qf7 79. h3 Qf6 80. g4 hxg4 81. hxg4 Qb2+ 82. Kg3 Qc3+ 83. Kh4 Qf6+ 84. Kg3 Qc3+ 85. Kg2 Qd2+ 86. Kg3 Qc3+ 1/2-1/2

[Event "*** Monthly 3|2 Blitz Masters"]
[Site "Chess.com"]
[Date "2014.11.25"]
[Round "4"]
[White "Baggio95"]
[Black "GulamaliRises"]
[Result "1/2-1/2"]
[WhiteElo "2366"]
[BlackElo "2416"]
[TimeControl "180+2"]
[EndTime "11:47:24 PST"]
[Termination "Game drawn - insufficient material"]

1. e4 c5 2. Nf3 d6 3. d4 cxd4 4. Nxd4 Nf6 5. Nc3 a6 6. Bg5 Nbd7 7. Bc4 Qa5 8. Qd2 h6 9. Bh4 g6 10. O-O Bg7 11. Nb3 Qc7 12. Bd3 e5 13. f4 exf4 14. Bxf6 Nxf6 15. Qxf4 O-O 16. Rad1 Be6 17. Kh1 Ng4 18. h3 Ne5 19. Qf2 b5 20. Nd4 b4 21.
Nd5 Bxd5 22. exd5 Qc5 23. Be4 f5 24. Bf3 Nxf3 25. gxf3 Qxd5 26. Nb3 Qc6 27. Qd2 Bxb2 28. Qxh6 Rf6 29. Nd4 Qd5 30. Ne2 Qf7 31. Nf4 Qh7 32.
Qg5 Be5 33. Kg2 Rc8 34. Rf2 Rc4 35. Nd5 Rf7 36. f4 Bg7 37. Ne7+ Rxe7 38. Qxe7 Re4 39.
Qd8+ Bf8 40. Rd3 Qf7 41. Rg3 Re6 42. Qa5 Be7 43. Rd2 Re4 44. Rf3 Qc4 45. Qd5+ Qxd5 46. Rxd5 Kf7 47. Ra5 Ke6 48. Rxa6 Bf6 49. Rb6 Bc3 50.
Rd3 Bd4 51. Rxb4 Re2+ 52. Kf3 Rf2+ 53. Kg3 Bc5 54. Rc4 Rf1 55. a4 Ra1 56. Rb3 Kd5 57. Rbc3 Bd4 58. Rxd4+ Kxd4 59. Rd3+ Kc5 60. Kh4 Rxa4 61.
Kg5 Rc4 62. c3 Re4 63. Rf3 Re6 64. h4 d5 65. h5 gxh5 66. Kxh5 Rf6 67. Kg5 Rf8 68.
Re3 Kc4 69. Re5 Rd8 70. Kxf5 Kxc3 71. Re1 d4 72. Kg6 d3 73. f5 d2 74. Rf1 d1=Q 75.
Rxd1 Rxd1 76. f6 Rg1+ 77. Kh7 Rf1 78. Kg7 Rxf6 79. Kxf6 1/2-1/2

[Event "*** Monthly 3|2 Blitz Masters"]
[Site "Chess.com"]
[Date "2014.11.25"]
[Round "4"]
[White "David_Klein"]
[Black "jcibarra"]
[Result "0-1"]
[WhiteElo "2358"]
[BlackElo "2460"]
[TimeControl "180+2"]
[EndTime "11:48:07 PST"]
[Termination "jcibarra won by resignation"]

1. e4 e5 2. Nf3 d6 3. d4 exd4 4.
Nxd4 Nf6 5. Nc3 Be7 6. g3 d5 7. e5 Ng4 8. Bg2 O-O 9. Nxd5 Bc5 10. c3 Nxe5 11. O-O Bg4 12. Qb3 Nbc6 13. Nxc6 bxc6 14. Ne3 Be2 15. Re1 Nf3+ 16. Bxf3 Bxf3 17. Qc4 Bxe3 18.
Bxe3 Re8 19. Qf4 Qd5 20. Bd4 Qh5 21. Re5 Rxe5 22. Qxe5 Qg4 23. Re1 f6 24. Qe6+ Qxe6 25. Rxe6 Kf7 26. Re3 Bd5 27. b3 a5 28. c4 Be6 29. a4 Bh3 30. Bc3 h5 31. f3 g5 32.
Kf2 Bf5 33. Ke1 Bc2 34. Bd2 Rb8 35. Bxa5 Bxb3 36. Bxc7 Rb7 37. Bd6 Bxc4 38. a5 Rb2 39.
Re7+ Kg6 40. h4 Ra2 41. Bc7 Bd5 42. hxg5 fxg5 43. f4 g4 44. Re5 Ra3 45. Rg5+ Kh6 46. Bd6 Rxg3 47. Bf8+ Kh7 48. Rxh5+ Kg8 49. Bd6 Re3+ 50.
Kf2 Rf3+ 51. Ke2 Rb3 52. Rg5+ Kf7 53. Kf2 Rf3+ 54. Ke2 g3 55. Rxd5 Rf2+ 56. Ke1 cxd5 57. f5 Ra2 58. Bxg3 Rxa5 59. Be5 Ra4 60. Kd2 Re4 61. Bc3 Ke7 62. Kd3 Kd6 63. Bd4 Rf4 64.
f6 Ke6 65. Ke3 Re4+ 66. Kd3 Rh4 67. Ke3 Rh7 68. Kd3 Kf5 69. Ke3 Rh3+ 70. Kd2 Ke4 71. Bc5 Rf3 72. Be7 d4 73. Ke2 d3+ 74. Kd2 Rf2+ 75. Kd1 Rf5 76. Bd8 Kd4 77. Kd2 Rf2+ 78. Kd1 Kc3 79. Ba5+ Kc4 80. Bd8 d2 81. Kc2 Rf5 82.
Kxd2 Rd5+ 83. Ke3 Rxd8 84. Ke4 Re8+ 85. Kf5 Kd5 86. f7 Rf8 87. Kf6 Kd6 88. Kg6 Ke7 0-1

[Event "*** Monthly 3|2 Blitz Masters"]
[Site "Chess.com"]
[Date "2014.11.25"]
[Round "4"]
[White "RitvarsReimanis"]
[Black "pedromartinez91"]
[Result "1/2-1/2"]
[WhiteElo "2244"]
[BlackElo "2061"]
[TimeControl "180+2"]
[EndTime "11:48:47 PST"]
[Termination "Game drawn - insufficient material"]

1. Nf3 d5 2. c4 dxc4 3. Qa4+ Nc6 4. e3 Nf6 5. Bxc4 e6 6. O-O Bd6 7. d4 O-O 8. Nc3 e5 9. dxe5 Nxe5 10. Nxe5 Bxe5 11.
Be2 Qe7 12. Bf3 c6 13. Ne2 Rd8 14. Ng3 Be6 15. e4 Rd4 16. Qc2 Bc4 17. Rd1 Rxd1+ 18. Qxd1 Rd8 19. Qe1 Qc5 20. Be3 Qb5 21. b3 Bd3 22.
Rd1 Rd7 23. Be2 Bxe2 24. Rxd7 Nxd7 25. Nxe2 h6 26. Qd2 Nf6 27. f3 c5 28. f4 Bc7 29.
e5 Ne4 30. Qc2 Bb6 31. Kf1 f5 32. exf6 Nxf6 33. h3 Qe8 34. Bf2 Ne4 35. Qc4+ Kh7 36. Kg1 Qg6 37. Be3 a6 38. Qd5 Nf6 39. Qd1 Qe4 40. Bf2 Nd5 41. Qd2 Bc7 42. g3 b6 43. Kh2 Bd8 44. Ng1 Bf6 45. h4 Bd4 46.
Nh3 Nc3 47. Bxd4 cxd4 48. Nf2 Qe3 49. Qc2+ Kg8 50. Kg2 Qe6 51. Qd3 Qd5+ 52. Kh2 Kf7 53. Ng4 Ne4 54. Ne5+ Kg8 55. Qxa6 Nf6 56. Qc8+ Kh7 57.
Qf5+ Kh8 58. Ng6+ Kh7 59. Qd3 Qe4 60. Ne5 Qxd3 61. Nxd3 Nd5 62. a3 Kg6 63. g4 h5 64.
Ne5+ Kf6 65. Kg3 Ne3 66. Nd7+ Ke7 67. Nxb6 d3 68. Kf3 d2 69. Nd5+ Nxd5 70. Ke2 hxg4 71.
Kxd2 g3 72. Ke2 g2 73. Kf2 Nxf4 74. a4 Kd6 75. b4 Kc6 76. a5 Kb5 77. h5 Ka6 78.
Kg1 Kb5 79. Kf2 Kc6 80. Kg1 Kd5 81. b5 Kc5 82. a6 Kb6 83. Kf2 Nxh5 84. Kxg2 Nf4+ 85.
Kf3 Ne6 86. Kg4 g5 87. Kf5 Ka7 88. Kg4 Kb6 89. Kf5 Kc7 90. a7 Kb7 91. b6 Ka8 92.
Kg4 Kb7 93. Kf5 Nd8 94. Kxg5 Nc6 95. Kf6 Nxa7 96. bxa7 Kxa7 1/2-1/2

[Event "*** Monthly 3|2 Blitz Masters"]
[Site "Chess.com"]
[Date "2014.11.25"]
[Round "5"]
[White "Philofive"]
[Black "jup1978"]
[Result "1-0"]
[WhiteElo "2218"]
[BlackElo "2111"]
[TimeControl "180+2"]
[EndTime "11:54:09 PST"]
[Termination "Philofive won by resignation"]

1. d4 d5 2. c4 c6 3. Nf3 Nf6 4. e3 Bg4 5. Qb3 Qb6 6. Nc3 e6 7. Nh4 Nbd7 8. h3 Bh5 9. Bd2 Be7 10.
g4 Bg6 11. Nxg6 hxg6 12. Bg2 Qxb3 13. axb3 O-O 14. f4 Nh7 15. g5 Rfd8 16. Ke2 f6 17. h4 Kf7 18. Bf3 dxc4 19. bxc4 e5 20. d5 exf4 21.
exf4 c5 22. h5 Nhf8 23. hxg6+ Nxg6 24. f5 Nge5 25. g6+ Ke8 26. Nb5 a6 27. Nc7+ 1-0

[Event "*** Monthly 3|2 Blitz Masters"]
[Site "Chess.com"]
[Date "2014.11.25"]
[Round "5"]
[White "Zhani-Z"]
[Black "thegormacle"]
[Result "1-0"]
[WhiteElo "1845"]
[BlackElo "2450"]
[TimeControl "180+2"]
[EndTime "11:54:22 PST"]
[Termination "Zhani-Z won by resignation"]

1. e4 c5 2. Nf3 d6 3. d4 cxd4 4.
Nxd4 Nf6 5. Nc3 a6 6. h3 e6 7. g4 Be7 8. g5 Nfd7 9. Be3 Nc6 10. h4 Nde5 11. f4 Nd7 12. Qd2 g6 13. O-O-O Qc7 14. h5 Rg8 15. hxg6 hxg6 16. f5 Nde5 17. f6 Bf8 18.
Nxc6 bxc6 19. Bf4 Bd7 20. Be2 Qa5 21. Rh7 O-O-O 22. Qd4 c5 23. Qe3 Be8 24. Bxe5 dxe5 25. Rxd8+ Qxd8 26. Bxa6+ Kb8 27. Bb5 Bxb5 28. Nxb5 Qb6 29.
c4 Qb7 30. Qd3 1-0

[Event "*** Monthly 3|2 Blitz Masters"]
[Site "Chess.com"]
[Date "2014.11.25"]
[Round "5"]
[White "bugsbunny444"]
[Black "Quinten94"]
[Result "0-1"]
[WhiteElo "2299"]
[BlackElo "2150"]
[TimeControl "180+2"]
[EndTime "11:54:54 PST"]
[Termination "Quinten94 won by resignation"]

1. Nf3 d5 2. c4 d4 3. g3 Nc6 4. Bg2 e5 5. O-O e4 6. Ne1 h5 7. Bxe4 h4 8. d3 hxg3 9. fxg3 Bh3 10. Ng2 Qd7 11. Bg5 f6 12. Bg6+ Kd8 13. Be4 Nge7 14. Bf4 g5 15. Bd2 f5 16. Bxc6 Qxc6 17. Rf2 f4 18. Qf1 Nf5 19. Bxf4 gxf4 20. Rxf4 Bxg2 21. Qxg2 Qxg2+ 22. Kxg2 Ne3+ 23. Kf3 Nc2 24. Na3 Nxa1 25. Rxd4+ Kc8 0-1

[Event "*** Monthly 3|2 Blitz Masters"]
[Site "Chess.com"]
[Date "2014.11.25"]
[Round "5"]
[White "minnesotachessmaster"]
[Black "Argente"]
[Result "1/2-1/2"]
[WhiteElo "1943"]
[BlackElo "2156"]
[TimeControl "180+2"]
[EndTime "11:55:31 PST"]
[Termination "Game drawn by agreement"]

1. d4 d5 2. c4 c6 3. Nc3 Nf6 4.
e3 a6 5. Nf3 Bg4 6. h3 Bxf3 7.
Qxf3 e6 8. Bd3 Nbd7 9. O-O Bb4 10.
e4 Bxc3 11. bxc3 dxe4 12. Bxe4 Nxe4 13. Qxe4 O-O 14. f4 Qa5 15. Rf3 Nf6 16. Qe2 c5 17. dxc5 Qxc5+ 18. Be3 Qc6 19. Bd4 Ne4 20. Re1 f5 21. Kh2 b6 22. Rg1 Rac8 23. g4 g6 24. c5 bxc5 25. Be5 Rcd8 26. Rd3 Qb5 27. Rgd1 Rd5 28.
Qc2 Rfd8 29. c4 Rxd3 30. Rxd3 Qe8 31. gxf5 exf5 32. Qd1 Rxd3 33. Qxd3 h6 34. Qd5+ Qf7 35.
Qd8+ Qf8 36. Qd5+ Qf7 37. Qd8+ Qf8 1/2-1/2

[Event "*** Monthly 3|2 Blitz Masters"]
[Site "Chess.com"]
[Date "2014.11.25"]
[Round "5"]
[White "GedoGluperd"]
[Black "wonderfultime"]
[Result "1-0"]
[WhiteElo "2329"]
[BlackElo "2492"]
[TimeControl "180+2"]
[EndTime "11:55:45 PST"]
[Termination "GedoGluperd won by checkmate"]

1. d4 d5 2. c4 c6 3. Nf3 Nf6 4.
Nc3 dxc4 5. a4 Bf5 6. e3 e6 7.
a5 Bb4 8. Qa4 Qe7 9. Bxc4 O-O 10.
O-O Nbd7 11. Be2 Ne4 12. Nxe4 Bxe4 13. Bd2 Bd6 14. Ne5 Rad8 15. f3 Bxe5 16. fxe4 Bb8 17. e5 Nxe5 18. Bb4 Qh4 19. g3 Qh6 20. Bxf8 Qxe3+ 21.
Rf2 Rxd4 22. Qa3 Nd3 23. Bxd3 Rxd3 24. Qe7 f5 25. Qxg7# 1-0

[Event "*** Monthly 3|2 Blitz Masters"]
[Site "Chess.com"]
[Date "2014.11.25"]
[Round "5"]
[White "esr44"]
[Black "patzerplay"]
[Result "0-1"]
[WhiteElo "2042"]
[BlackElo "2100"]
[TimeControl "180+2"]
[EndTime "11:55:46 PST"]
[Termination "patzerplay won on time"]

1. d4 Nf6 2. Bg5 Ne4 3. Bf4 c5 4. f3 Qa5+ 5. c3 Nf6 6. d5 Qb6 7.
e4 e6 8. c4 exd5 9. cxd5 d6 10. Qb3 g6 11. Bb5+ Bd7 12. Nc3 a6 13. Bxd7+ Nbxd7 14. Qxb6 Nxb6 15. Nge2 Nc4 16. O-O-O b5 17. Rhe1 O-O-O 18.
Bg5 Bg7 19. Kb1 h6 20. Bh4 g5 21. Bf2 Nd7 22. Ng3 Ndb6 23. Nf5 Be5 24. g3 b4 25.
f4 gxf4 26. gxf4 Bxf4 27. Ne2 Be5 28. Bg3 Bxb2 29. Nxd6+ Nxd6 30. Kxb2 Nxe4 31. Nf4 f5 32. Ne6 Rxd5 33. Rxd5 Nxd5 34. Rc1 Ndc3 35. Be5 Re8 36. Nxc5 Nxc5 37. Bxc3 Nd3+ 0-1

[Event "*** Monthly 3|2 Blitz Masters"]
[Site "Chess.com"]
[Date "2014.11.25"]
[Round "5"]
[White "IMLevAltounian"]
[Black "jlandaw"]
[Result "0-1"]
[WhiteElo "2179"]
[BlackElo "2275"]
[TimeControl "180+2"]
[EndTime "11:55:54 PST"]
[Termination "jlandaw won by resignation"]

1. Nf3 Nf6 2. c4 c6 3. g3 d5 4. Bg2 e6 5. b3 g6 6. Bb2 Bg7 7. O-O O-O 8. d4 b6 9. Nbd2 Re8 10. Qc2 Bb7 11. e4 dxe4 12. Nxe4 Nxe4 13. Qxe4 Nd7 14.
Rfd1 Qc7 15. Ne5 Rad8 16. f4 Nxe5 17. dxe5 Rd7 18. Ba3 Bf8 19. Bxf8 Rxf8 20. Rd3 Rfd8 21. Rad1 Kg7 22. Rd6 c5 23. Qd3 Rxd6 24. exd6 Qd7 25. Qc3+ f6 26. Bf3 Kf7 27. Kf2 Bc6 28. b4 Bxf3 29.
Kxf3 Qc6+ 30. Ke3 Rxd6 31. b5 Qd7 32. Rxd6 Qxd6 33. a4 e5 34. a5 Qd4+ 0-1

[Event "*** Monthly 3|2 Blitz Masters"]
[Site "Chess.com"]
[Date "2014.11.25"]
[Round "5"]
[White "VovAn1991"]
[Black "Sebastian"]
[Result "0-1"]
[WhiteElo "2367"]
[BlackElo "2527"]
[TimeControl "180+2"]
[EndTime "11:56:05 PST"]
[Termination "Sebastian won on time"]

1. e4 c5 2. Nf3 d6 3. d4 cxd4 4.
Nxd4 Nf6 5. Nc3 a6 6. Be3 e5 7. Nb3 Be6 8. h3 Nc6 9. Qf3 Rc8 10. O-O-O Nb4 11. Bg5 Qc7 12. Kb1 Be7 13. a3 Nc6 14. Bxf6 Bxf6 15. Nd5 Bxd5 16. Rxd5 Ne7 17. Rd2 Bg5 18.
Rd1 Qxc2+ 19. Ka2 Qc7 20. h4 Bh6 21. Qd3 Rd8 22. Be2 O-O 23. Bf3 b5 24. g3 Qb6 25.
Qe2 a5 26. Rd3 a4 27. Nd2 Nc6 28. Nb1 Nd4 29. Qd1 b4 30. axb4 Qxb4 31. Nc3 Qc4+ 32. Kb1 a3 33. Be2 axb2 34. Nd5 Ra8 35. Nc3 Ra1+ 0-1

[Event "*** Monthly 3|2 Blitz Masters"]
[Site "Chess.com"]
[Date "2014.11.25"]
[Round "5"]
[White "pedromartinez91"]
[Black "stepanosinovsky"]
[Result "1-0"]
[WhiteElo "2073"]
[BlackElo "2269"]
[TimeControl "180+2"]
[EndTime "11:56:32 PST"]
[Termination "pedromartinez91 won by resignation"]

1. e4 e5 2. Nf3 Nc6 3. Bb5 a6 4.
Bxc6 dxc6 5. O-O f5 6. Nxe5 Nf6 7. exf5 Bxf5 8. Re1 Be7 9. Qf3 Bxc2 10. Na3 Bg6 11.
Nxg6 hxg6 12. Nc4 Qd5 13. Qe2 O-O-O 14. d3 Bc5 15. Be3 Bxe3 16. Qxe3 Qxd3 17. Qe6+ Kb8 18. Ne5 Qd4 19. Qb3 Qd5 20. Nf7 Qxb3 21. axb3 Nd5 22.
Nxh8 Rxh8 23. Re6 g5 24. Rg6 Re8 25. Rxg5 Re7 26. Kf1 Ka7 27. Re1 Rd7 28. h4 b5 29.
Re6 Kb7 30. Reg6 Nf4 31. Kg1 Nxg6 32. Rxg6 a5 33. g4 c5 34. f4 c4 35. bxc4 b4 36.
f5 a4 37. Re6 Rd4 38. Re5 Rxg4+ 39. Kf2 Rxh4 40. Rb5+ Kc6 41. Rxb4 Rf4+ 42. Ke3 Rxf5 43. Rxa4 Kc5 44. Ra5+ 1-0

[Event "*** Monthly 3|2 Blitz Masters"]
[Site "Chess.com"]
[Date "2014.11.25"]
[Round "5"]
[White "juniortay"]
[Black "Hafez_Bakr"]
[Result "0-1"]
[WhiteElo "2183"]
[BlackElo "1791"]
[TimeControl "180+2"]
[EndTime "11:56:33 PST"]
[Termination "Hafez_Bakr won by resignation"]

1. e4 c5 2. Nf3 d6 3. d4 cxd4 4.
Qxd4 Nf6 5. e5 Nc6 6. Bb5 Qa5+ 7. Nc3 dxe5 8. Qxe5 Bd7 9. Bxc6 Qxe5+ 10. Nxe5 bxc6 11. Bg5 Nd5 12. Nxd5 cxd5 13. O-O-O e6 14. Kb1 Bb5 15. Bh4 f6 16. Nd3 Bd6 17. Bg3 e5 18. f4 e4 19.
Nf2 O-O-O 20. Rxd5 Bc6 21. Rdd1 e3 22. Nd3 Bxg2 23. Rhg1 Bf3 24. Rdf1 Bh5 25. f5 e2 26. Re1 Rhe8 27. Kc1 g5 28. fxg6 hxg6 29. Bxd6 Rxd6 30. Kd2 Ra6 31. a3 Rb6 32. b3 Rbe6 33.
Rg3 Re4 34. a4 Rh4 35. h3 f5 36. b4 Rhe4 37. b5 Rxa4 38. Re3 Rae4 39. Rxe4 Rxe4 40. c4 Rxc4 41. Ne5 Rb4 0-1

[Event "*** Monthly 3|2 Blitz Masters"]
[Site "Chess.com"]
[Date "2014.11.25"]
[Round "5"]
[White "ameet100"]
[Black "redchessman"]
[Result "1-0"]
[WhiteElo "2425"]
[BlackElo "2247"]
[TimeControl "180+2"]
[EndTime "11:56:47 PST"]
[Termination "ameet100 won by resignation"]

1. Nf3 d5 2. g3 Bg4 3. Bg2 e6 4.
O-O Nd7 5. d3 Ngf6 6. Nbd2 c6 7.
h3 Bh5 8. Qe1 Be7 9. e4 O-O 10.
b3 a5 11. a3 Qb6 12. Bb2 Ne8 13. Qe2 Bf6 14. e5 Be7 15. a4 Nc7 16. Rfe1 Na6 17. g4 Bg6 18. Nd4 Bc5 19. N2f3 Nb4 20. Qd2 Rfe8 21.
Re2 Nf8 22. Rae1 Nd7 23. Re3 Qd8 24. h4 h6 25. Bh3 Na6 26. Rf1 Be7 27. h5 Bh7 28.
Re2 Nb4 29. Qf4 Qc7 30. Qg3 Qd8 31. Bc1 Rc8 32. g5 hxg5 33. Nxg5 Nf8 34. Kh2 c5 35. Nb5 c4 36. dxc4 dxc4 37. Rg1 Bxg5 38. Bxg5 Qd7 39.
Bf6 g6 40. Qf4 Nd5 41. Qh6 Nxf6 42. exf6 1-0

[Event "*** Monthly 3|2 Blitz Masters"]
[Site "Chess.com"]
[Date "2014.11.25"]
[Round "5"]
[White "alturas_pacificas"]
[Black "RitvarsReimanis"]
[Result "0-1"]
[WhiteElo "2052"]
[BlackElo "2248"]
[TimeControl "180+2"]
[EndTime "11:57:26 PST"]
[Termination "RitvarsReimanis won by resignation"]

1. d4 Nf6 2. Bf4 g6 3. e3 Bg7 4. Nf3 O-O 5. Be2 c5 6. c3 cxd4 7. exd4 a5 8. Nbd2 a4 9. Nc4 d5 10. Nce5 Ne4 11. Nd2 a3 12. Nxe4 axb2 13. Rb1 dxe4 14.
Rxb2 Qa5 15. Qd2 Nc6 16. Nc4 Qd8 17. Nb6 Ra3 18. O-O e5 19. Nc4 exf4 20. Nxa3 Re8 21. Qxf4 Qa5 22. Nb5 Bf8 23. c4 Nd8 24. Nc7 Ne6 25. Nxe6 Rxe6 26. d5 Re8 27. d6 Qc3 28. Rd2 Bd7 29. Rfd1 Bg7 30. Rd5 Qb2 31. h3 Qxe2 32.
c5 Qa6 33. Re1 Qxa2 34. Rd2 Qe6 35. Rde2 Bc6 36. f3 Bd4+ 37. Kh1 Bxc5 38. fxe4 Bxd6 39. e5 Bf8 40. Rd1 Qxh3+ 41. Kg1 Qe6 42. Rc2 Qxe5 43.
Qxe5 Rxe5 0-1

[Event "*** Monthly 3|2 Blitz Masters"]
[Site "Chess.com"]
[Date "2014.11.25"]
[Round "5"]
[White "Vandros57"]
[Black "Bab3s"]
[Result "0-1"]
[WhiteElo "1788"]
[BlackElo "2080"]
[TimeControl "180+2"]
[EndTime "11:57:37 PST"]
[Termination "Bab3s won on time"]

1. d4 Nf6 2. c4 e6 3. a3 d5 4. e3 c5 5. Nf3 Nc6 6. dxc5 Bxc5 7. b4 Be7 8. Bb2 O-O 9. Nc3 Re8 10. cxd5 exd5 11.
Be2 Bf5 12. O-O Rc8 13. Rc1 a6 14. Na4 Ne4 15. Nd4 Nxd4 16. Bxd4 Rxc1 17. Qxc1 Qd7 18.
Nc5 Bxc5 19. Bxc5 Rc8 20. f3 Nxc5 21. bxc5 Qe7 22. Qd2 Qxc5 23. a4 Be6 24. Rb1 Rc7 25. a5 h6 26. h3 Bd7 27. Bf1 Bc6 28. Qd4 Qxa5 29. Qe5 Rc8 30. Bd3 Re8 31. Qf5 g6 32.
Qf6 Re6 33. Qh4 Qd2 34. Bf1 Qxe3+ 35. Kh1 d4 36. Qd8+ Kg7 37. Bxa6 bxa6 38. Rd1 Bxf3 0-1